 Dungeon Crawl Stone Soup version 0.17.1-1-g73c8601 (console) character file.

234 Kloppie the Poker (level 6, 0/49 HPs)
             Began as a Merfolk Skald on Dec 25, 2015.
             Succumbed to an adder's poison
             ... on level 3 of the Dungeon.
             The game lasted 00:04:06 (2711 turns).

Kloppie the Poker (Merfolk Skald)                   Turns: 2711, Time: 00:04:06

Health: 0/49       AC:  8    Str: 12    XL:     6   Next: 5%
Magic:  9/9        EV: 12    Int: 16    God:
Gold:   121        SH:  0    Dex: 16    Spells: 1 memorised, 8 levels left

rFire  . . .     SeeInvis .     a - +0 spear
rCold  . . .     Clarity  .     m - +0 ring mail (curse)
rNeg   . . .     SustAt   .     (no shield)
rPois  .         Gourm    .     o - +1 helmet
rElec  .         Spirit   .     (no cloak)
rCorr  .         Warding  .     (no gloves)
rMut   .         Stasis   .     b - +0 pair of boots
MR     .....                    (no amulet)
Stlth  +.........               (no ring)
                                (no ring)

@: brilliant, lethally poisoned (0 -> -8), not resistant to hostile
enchantments, very unstealthy
A: change form in water, swift swim
a: no special abilities


You were on level 3 of the Dungeon.
You were not hungry.

You visited 1 branch of the dungeon, and saw 4 of its levels.

You collected 121 gold pieces.

Inventory:

Hand Weapons
 a - a +0 spear (weapon)
Armour
 b - a +0 pair of boots (worn)
 m - a cursed +0 ring mail (worn)
 o - a +1 helmet (worn)
Jewellery
 e - a +3 ring of protection {unknown}
 t - a +4 ring of strength {unknown}
Wands
 j - a wand of teleportation (1)
Scrolls
 g - a scroll of fog {unknown}
 i - 3 scrolls of immolation {unknown}
 k - 2 scrolls of random uselessness {unknown}
 l - a scroll of noise {unknown}
 p - a scroll of enchant armour {unknown}
 r - a scroll of identify {unknown}
 u - 2 scrolls of amnesia {unknown}
 v - a scroll of remove curse {unknown}
 w - a scroll of teleportation {unknown}
Potions
 s - a potion of curing {unknown}
Books
 c - a book of Battle

   Spells                             Type                      Level
   a - Infusion                       Charms                       1
   b - Shroud of Golubria             Charms/Translocation         2
   c - Song of Slaying                Charms                       2
   d - Spectral Weapon                Hexes/Charms                 3
   e - Regeneration                   Charms/Necromancy            3
Comestibles
 d - 4 bread rations
 f - 2 meat rations
 h - a slice of pizza


   Skills:
 + Level 4.3 Fighting
 + Level 5.7 Polearms
 - Level 0.6 Armour
 + Level 4.2 Dodging
 - Level 2.0 Spellcasting
 - Level 3.2 Charms


You had 8 spell levels left.
You knew the following spells:

 Your Spells              Type           Power        Failure   Level  Hunger
a - Infusion              Chrm           ###...       1%          1    #......


Dungeon Overview and Level Annotations

Branches:
Dungeon (4/15)
 Temple: D:4-7

Altars:
Cheibriados
Sif Muna
Xom

Annotations:
D:3 Musteatbrain's ghost, amateur DsFi


Message History

You feel sick. The adder closely misses you. The gnoll closely misses you.
You hit the adder but do no damage.
The adder is severely wounded.
The adder bites you.
* * * LOW HITPOINT WARNING * * *
The gnoll barely misses you.
You closely miss the adder.
The adder is severely wounded.
* * * LOW HITPOINT WARNING * * *
You feel sick. The adder bites you.
* * * LOW HITPOINT WARNING * * *
You are more poisoned.
The adder poisons you!
You miss the adder.
The adder is severely wounded.
The adder misses you. The gnoll misses you.
Drink which item? (? for menu, Esc to quit)
It was a potion of brilliance.
You feel clever all of a sudden.
You die...

#.##.#
.....
#.#.#
...#
#.(#
#..#
#..#
#g#
#@#
#S#
#.#
#?.
###


You could see a gnoll and an adder.

Vanquished Creatures
  An ogre (D:4)
  An orc priest (D:3)
  3 gnolls
  3 adders
  An adder skeleton (D:4)
  2 worms (D:2)
  A giant gecko (D:2)
  2 orcs
  3 giant cockroaches
  3 goblins
  8 hobgoblins
  6 jackals
  A quokka (D:4)
  4 bats
  2 giant newts
  9 kobolds
  5 rats
55 creatures vanquished.

Notes
Turn   | Place    | Note
--------------------------------------------------------------
     0 | D:1      | Kloppie the Merfolk Skald began the quest for the Orb.
     0 | D:1      | Reached XP level 1. HP: 16/16 MP: 3/3
    92 | D:1      | Reached XP level 2. HP: 10/23 MP: 5/5
   952 | D:2      | Reached XP level 3. HP: 27/29 MP: 6/6
  1104 | D:1      | Reached skill level 4 in Polearms
  1523 | D:2      | Reached XP level 4. HP: 31/35 MP: 7/7
  1679 | D:2      | Found a snail-covered altar of Cheibriados.
  1682 | D:2      | Found a deep blue altar of Sif Muna.
  1685 | D:2      | Found a shimmering altar of Xom.
  2193 | D:3      | Noticed Musteatbrain's ghost (amateur DsFi)
  2338 | D:4      | Noticed an ogre
  2348 | D:4      | Killed an ogre
  2348 | D:4      | Reached skill level 5 in Polearms
  2348 | D:4      | Reached XP level 5. HP: 32/42 MP: 8/8
  2689 | D:3      | Reached XP level 6. HP: 45/49 MP: 9/9
  2709 | D:3      | HP: 1/49 [adder (3)]
  2711 | D:3      | Succumbed to an adder's poison

Action                   |  1- 3 |  4- 6 || total
-------------------------+-------+-------++-------
Melee: Spear             |   129 |   150 ||   279
  Use: Potion            |       |     4 ||     4
 Stab: Sleeping          |     1 |       ||     1
  Eat: Chunk             |     2 |     4 ||     6
